 Dungeon Crawl Stone Soup version 0.29-a0-375-g5102b3be25 (webtiles) character file.

Game seed: 397608636979918660

570540 siradein the Lord of Darkness (level 25, -22/197 HPs)
             Began as a Mummy Necromancer on May 2, 2022.
             Was the Champion of Kikubaaqudgha.
             Annihilated by a caustic shrike (27 damage)
             ... on level 1 of the Iron City of Dis on May 4, 2022.
             The game lasted 09:42:09 (105273 turns).

siradein the Lord of Darkness (Mummy Necromancer) Turns: 105273, Time: 09:42:10

Health: -22/197    AC: 10    Str: 15 (16) XL:     25   Next: 62%
Magic:  0/56       EV: 16    Int: 22      God:    Kikubaaqudgha [******]
Gold:   6978       SH:  9    Dex: 10      Spells: 16/72 levels left

rFire   + . .      SeeInvis +   a - staff of death
rCold   + + .      Faith    .   R - +3 buckler {rF+}
rNeg    + + +      Spirit   +   A - +4 moon troll leather armour {Spirit, Regen++ MP+5}
rPois   ∞          Reflect  .   F - +2 helmet {SInv}
rElec   +          Harm     .   P - scarf {rC+ rF+}
rCorr   +          Rampage  +   c - +2 pair of gloves
Will    +++++                   v - +1 pair of boots "Fisegewn" {Rampage Str+5}
Stlth   ++++......              M - amulet "Yczaym" {+Blink Will++ Regen+ Str-4}
HPRegen 2.82/turn               f - ring "Uwnoti" {Fly rElec Will+ Dex+2}
MPRegen 0.35/turn               G - ring "Kesido" {Wiz rElec rN++ rCorr Dex-5}

@: flying, corroded
A: cold resistance 1, negative energy resistance 3, torment resistance 2, heat
vulnerability 1, in touch with death 2, no potions
}: 3/15 runes: decaying, serpentine, silver
a: Renounce Religion, Evoke Blink, Receive Corpses, Torment


You were on level 1 of the Iron City of Dis.
You worshipped Kikubaaqudgha.
Kikubaaqudgha was exalted by your worship.
You visited 13 branches of the dungeon, and saw 54 of its levels.
You visited 1 bazaar.
You also visited: Bailey, Ice Cave and Wizlab.

You collected 10228 gold pieces.
You spent 3250 gold pieces at shops.

Inventory:

Hand Weapons
 b - the +6 shillelagh "Devastator" {shatter}
   (You found it on level 7 of the Dungeon)

   It releases a powerful concussive burst when it strikes, dealing extra damage
   to the target and all other foes adjacent to them.
 z - the +8 demon whip of Mutilation {drain, *Slow rPois Will+++ Stlth+}
   (You took it off a salamander on level 4 of the Depths)

   A truly terrible weapon, it drains the life of any living foe it strikes.
   rPois:     It protects you from poison.
   *Slow:     It may slow you when you take damage.
   Will:      It greatly increases your willpower.
   Stlth:     It makes you more stealthy.
 E - the +10 whip of Relaim {vorpal, rPois rF++ Int+3 Dex-2}
   (You found it on level 3 of the Depths)

   It inflicts extra damage upon your enemies.
   Int:       It affects your intelligence (+3).
   Dex:       It affects your dexterity (-2).
   rF:        It greatly protects you from fire.
   rPois:     It protects you from poison.
Armour
 c - a +2 pair of gloves (worn)
 g - a +4 kite shield of reflection
 l - the +1 robe of Vines {NoPotionHeal Regen++++}
   (You found it on level 5 of the Vaults)

   Its wearer cannot be healed by potions.
   Regen:     It increases your rate of health regeneration.
 v - the +1 pair of boots "Fisegewn" (worn) {Rampage Str+5}
   (You found it in a wizard's laboratory)

   Str:       It affects your strength (+5).
   Rampage:   It bestows one free step when moving towards enemies.
 w - the +1 helmet of a ziggurat {rF+ Dex+6 Stlth-}
   (You acquired it on level 3 of the Vaults)

   Dex:       It affects your dexterity (+6).
   rF:        It protects you from fire.
   Stlth:     It makes you less stealthy.
 A - the +4 moon troll leather armour (worn) {Spirit, Regen++ MP+5}
   (You took it off a moon troll in a wizard's laboratory)

   MP:        It affects your magic capacity (+5).
   Regen:     It increases your rate of health regeneration.
 F - a +2 helmet of see invisible (worn)
 P - a scarf of resistance (worn)
 Q - the +0 hat of Recklessness {Will++ Str+2}
   (You found it on level 13 of the Dungeon)

   Str:       It affects your strength (+2).
   Will:      It greatly increases your willpower.
 R - a +3 buckler of fire resistance (worn)
 U - a +2 pair of boots of flying
Magical Staves
 a - a staff of death (weapon)
Jewellery
 f - the ring "Uwnoti" (left hand) {Fly rElec Will+ Dex+2}
   (You took it off a deep elf death mage on level 3 of the Elven Halls)

   [ring of flight]

   Dex:       It affects your dexterity (+2).
   rElec:     It insulates you from electricity.
   Fly:       It grants you flight.
   Will:      It increases your willpower.
 j - a ring of see invisible
 o - a +4 ring of protection
 G - the ring "Kesido" (right hand) {Wiz rElec rN++ rCorr Dex-5}
   (You found it on level 2 of the Lair of Beasts)

   [ring of wizardry]

   It improves your spell success rate.
   Dex:       It affects your dexterity (-5).
   rElec:     It insulates you from electricity.
   rN:        It greatly protects you from negative energy.
   rCorr:     It protects you from acid and corrosion.
 H - a ring of protection from fire
 M - the amulet "Yczaym" (around neck) {+Blink Will++ Regen+ Str-4}
   (You found it on level 3 of the Depths)

   [amulet of regeneration]

   Str:       It affects your strength (-4).
   +Blink:    It lets you blink.
   Regen:     It increases your rate of health regeneration.
   Will:      It greatly increases your willpower.
 N - a +4 ring of evasion
 T - a ring of magical power
 Y - the ring "Wugh" {rC+ MP+9 Str+4 Int-3}
   (You took it off an ironbound preserver on level 5 of the Vaults)

   [ring of magical power]

   Str:       It affects your strength (+4).
   Int:       It affects your intelligence (-3).
   rC:        It protects you from cold.
   MP:        It affects your magic capacity (+9).
Wands
 n - a wand of polymorph (42)
 q - a wand of digging (38)
 s - a wand of iceblast (51)
 C - a wand of paralysis (26)
 J - a wand of charming (17)
 K - a wand of acid (28)
 L - a wand of mindburst (32)
 O - a wand of flame (70)
Scrolls
 d - 8 scrolls of silence
 e - 10 scrolls of enchant weapon
 h - 10 scrolls of immolation
 i - 12 scrolls of magic mapping
 k - 11 scrolls of vulnerability
 m - 6 scrolls of blinking
 p - 18 scrolls of teleportation
 r - 15 scrolls of fog
 x - 10 scrolls of fear
 y - 5 scrolls of brand weapon
 D - 5 scrolls of torment
 S - a scroll of summoning
 X - 2 scrolls of amnesia
 Z - 6 scrolls of enchant armour
Miscellaneous
 t - the horn of Geryon
 u - a tin of tremorstones (2/2)
 B - a phial of floods
 I - a box of beasts
 V - a lightning rod (4/4)
 W - a condenser vane


   Skills:
 + Level 16.2 Fighting
 - Level 7.0 Armour
 + Level 14.7 Dodging
 + Level 11.2 Stealth
 + Level 9.2 Shields
 + Level 24.0 Spellcasting
 - Level 11.0 Hexes
 - Level 10.0 Summonings
 + Level 24.5 Necromancy
 - Level 10.0 Earth Magic
 + Level 12.3 Evocations


You had 16 spell levels left.
You knew the following spells:

 Your Spells              Type           Power      Damage    Failure   Level
a - Borgnjor's Vile Clut  Necr/Erth      74%        N/A       1%          5
b - Infestation           Necr           83%        N/A       1%          8
c - Haunt                 Necr/Summ      74%        N/A       1%          7
d - Death Channel         Necr           83%        N/A       0%          6
e - Dispel Undead         Necr           100%       3d31      0%          4
f - Anguish               Hex/Necr       75%        N/A       0%          4
g - Animate Dead          Necr           83%        N/A       0%          4
h - Blink                 Tloc           52%        N/A       1%          2
i - Vampiric Draining     Necr           100%       2d13      0%          3
j - Corpse Rot            Necr/Air       100%       N/A       0%          2
k - Simulacrum            Ice/Necr       67%        N/A       1%          6
l - Agony                 Necr           100%       N/A       0%          5

Your spell library contained the following spells:

 Spells                   Type           Power      Damage    Failure   Level
 Animate Skeleton         Necr           100%       N/A       0%          1
 Pain                     Necr           100%       1d9       0%          1
 Excruciating Wounds      Necr           83%        N/A       0%          5
 Foxfire                  Conj/Fire      100%       2x1d9     1%          1
 Shock                    Conj/Air       100%       1d9       1%          1
 Summon Small Mammal      Summ           100%       N/A       1%          1
 Ensorcelled Hibernation  Hex/Ice        100%       N/A       1%          2
 Poisonous Vapours        Pois/Air       52%        N/A       1%          2
 Call Canine Familiar     Summ           63%        N/A       1%          3
 Dazzling Flash           Conj/Hex       100%       N/A       1%          3
 Inner Flame              Hex/Fire       50%        N/A       1%          3
 Stone Arrow              Conj/Erth      96%        3d13      1%          3
 Summon Guardian Golem    Hex/Summ       64%        N/A       1%          3
 Tukima's Dance           Hex            65%        N/A       1%          3
 Animate Armour           Summ/Erth      100%       N/A       1%          4
 Cause Fear               Hex            32%        N/A       1%          4
 Leda's Liquefaction      Hex/Erth       32%        N/A       1%          4
 Petrify                  Tmut/Erth      48%        N/A       1%          4
 Summon Ice Beast         Ice/Summ       48%        N/A       1%          4
 Summon Lightning Spire   Summ/Air       48%        N/A       1%          4
 Lee's Rapid Deconstruct  Erth           31%        3d17*     1%          5
 Summon Mana Viper        Hex/Summ       64%        N/A       1%          5
 Conjure Flame            Conj/Fire      26%        6-21      2%          3
 Frozen Ramparts          Ice            52%        1d7       2%          3
 Gell's Gravitas          Tloc           26%        N/A       2%          3
 Lesser Beckoning         Tloc           26%        N/A       2%          3
 Ozocubu's Armour         Ice            26%        N/A       2%          3
 Swiftness                Air            26%        N/A       2%          3
 Teleport Other           Tloc           26%        N/A       2%          3
 Metabolic Englaciation   Hex/Ice        25%        N/A       2%          5
 Silence                  Hex/Air        25%        N/A       2%          5
 Yara's Violent Unravell  Hex/Tmut       25%        3d11      2%          5
 Summon Cactus Giant      Summ           31%        N/A       2%          6
 Summon Forest            Summ/Tloc      24%        N/A       3%          5
 Enfeeble                 Hex            32%        N/A       8%          7
 Airstrike                Air            13%        N/A       9%          4
 Flame Wave               Conj/Fire      26%        2d7       9%          4
 Passage of Golubria      Tloc           26%        N/A       9%          4
 Sticky Flame             Conj/Fire      26%        2d5       9%          4
 Alistair's Intoxication  Tmut/Pois      17%        N/A       22%         5
 Fireball                 Conj/Fire      13%        3d7       22%         5
 Freezing Cloud           Conj/Ice/Air   13%        6-21      22%         5
 Irradiate                Conj/Tmut      13%        3d17      22%         5
 Lightning Bolt           Conj/Air       13%        1d26      22%         5
 Manifold Assault         Tloc           26%        N/A       22%         5
 Discord                  Hex            32%        N/A       50%         8
 Conjure Ball Lightning   Conj/Air       13%        3x3d6     75%         6
 Dispersal                Tloc           13%        N/A       75%         6
 Eringya's Noxious Bog    Tmut/Pois      13%        N/A       75%         6
 Ozocubu's Refrigeration  Ice            13%        4d7       99%         7
 Lehudib's Crystal Spear  Conj/Erth      24%        10d7      99%         8
 Disjunction              Tloc           13%        N/A       100%        8
 Polar Vortex             Ice            13%        N/A       100%        9
 Shatter                  Erth           31%        3d26*     100%        9
 Sublimation of Blood     Necr           Unusable   N/A       N/A         2
 Borgnjor's Revivificati  Necr           Unusable   N/A       N/A         8
 Spider Form              Tmut/Pois      Unusable   N/A       N/A         3
 Death's Door             Necr           Unusable   N/A       N/A         9
 Ice Form                 Ice/Tmut       Unusable   N/A       N/A         4
 Statue Form              Tmut/Erth      Unusable   N/A       N/A         6
 Necromutation            Tmut/Necr      Unusable   N/A       N/A         8

Dungeon Overview and Level Annotations

Branches:
Dungeon (15/15)            Temple (0/1) D:5            Lair (6/6) D:8
  Swamp (4/4) Lair:3        Snake (4/4) Lair:2        Slime (5/5) Lair:5
    Orc (2/2) D:12            Elf (3/3) Orc:2        Vaults (5/5) D:13
  Crypt (3/3) Vaults:2       Tomb (0/3) Crypt:3      Depths (4/4) D:15
   Hell (visited)             Dis (1/7) Hell            Geh (0/7) Hell
    Coc (0/7) Hell            Tar (0/7) Hell            Zot (1/5) Depths:4
 Bailey (visited)           IceCv (visited)          WizLab (visited)

Altars:
Cheibriados
Dithmenos
Fedhas
Kikubaaqudgha
Okawaru
Sif Muna
Trog
Xom
Yredelemnul
The Shining One
Beogh

Shops:
D:14 ([[[*   Orc:2 (!([[   Elf:2 *   Elf:3 =   Snake:1 [[:[   Snake:2 =::
Vaults:3 !

Portals:
Hell: Depths:1 Depths:2 Depths:3 Depths:4
Abyss: Depths:1 Depths:3
Pandemonium: Depths:2 Depths:3
Ziggurat: Depths:4

Annotations:
Slime:5 Royal Jelly


Innate Abilities, Weirdness & Mutations

You are immune to poison.
Your flesh is cold resistant. (rC+)
You are immune to negative energy. (rN+++)
You are immune to unholy pain and torment.
You are vulnerable to heat. (rF-)
You are strongly in touch with the powers of death.
You do not drink.


Message History

Your freezing wraith barely misses the caustic shrike. x2
The iron giant gestures at you while chanting.
The iron shot misses you.
Unknown command.
You block the caustic shrike's attack.
Your death scarab closely misses the caustic shrike.
The iron golem closely misses your phantasmal warrior.
The iron golem barely misses your phantasmal warrior.
Your phantasmal warrior hits the caustic shrike!!
The caustic shrike's willpower is stripped away!
The caustic shrike barely misses you.
Your freezing wraith hits the iron giant.
Your freezing wraith freezes the iron giant!
The iron giant resists.
Your freezing wraith hits the iron giant!
Your death scarab closely misses the caustic shrike.
You block the caustic shrike's attack.
Your death scarab barely misses the caustic shrike.
The caustic shrike claws you!!
You are splashed with acid.
You resist.
The iron golem hits your freezing wraith!!
Your freezing wraith is destroyed!
Your freezing wraith disappears in a puff of smoke!
Your phantasmal warrior hits the iron golem!
The caustic shrike claws you!!
You are splashed with acid.
You resist.
Your shadow wraith hits the iron giant.
You block the caustic shrike's attack.
There is a gateway leading out of Dis here.
Unknown command.
Your phantasmal warrior disappears in a puff of smoke!
The caustic shrike claws you!
You are splashed with acid.
You resist. The caustic shrike claws you.
You are splashed with acid.
You resist.
The iron golem closely misses your phantasmal warrior.
The iron golem hits your phantasmal warrior!!!
Your phantasmal warrior is destroyed!
Your phantasmal warrior disappears in a puff of smoke!
The iron giant casts a spell at you. The iron shot hits you!!!
* * * LOW HITPOINT WARNING * * *
The caustic shrike claws you!!
You die...
Kikubaaqudgha rasps: "You have failed me!
Welcome... oblivion!"

#.......# ####
#.......#
#..######......# .
#.......#......###
..#.......'9§9§....#
..'.......#..W..B.##
#####..######..§..#
#..# ...#.Cbb.# #..#
...'...@.# ##+#
...#'##### ....'.
#####. ..


You could see 2 iron golems, an iron giant, 2 caustic shrikes, a friendly shadow
wraith (summoned, invisible, corroded) and a friendly death scarab.

Vanquished Creatures
  An ancient lich (Crypt:3)
  A dread lich (Vaults:5)
  Parghit (Depths:4)
  Vv (Depths:2)
  A shard shrike (IceCv)
  Geryon (Hell)
  A tentacled monstrosity (Vaults:5)
  2 liches
  3 quicksilver dragons
  A moon troll (WizLab)
  3 deep elf blademasters
  5 titans
  A sphinx (Vaults:5)
  4 ancient champions
  Gastronok (Lair:3)
  A shadow dragon (Vaults:5)
  A storm dragon (Zot:1)
  2 draconian monks
  2 thorn hunters
  Donald (Swamp:3)
  3 tengu reavers (Vaults:5)
  3 draconian knights (Zot:1)
  3 deep elf sorcerers
  2 frost giants (Vaults:3)
  5 fire giants
  4 revenants
  5 spectral caustic shrikes (Depths:1)
  3 iron dragons
  6 vault wardens
  A cacodemon (WizLab)
  A draconian scorcher (Zot:1)
  A draconian stormcaller (Zot:1)
  A deep elf elementalist (Elf:3)
  The ghost of Nism the Fighter, a journeyman DsHu of Hepliaklqana (Swamp:1)
  2 quicksilver oozes
  5 spriggan defenders
  8 ironbound preservers
  5 war gargoyles
  6 very ugly things
  6 caustic shrike skeletons
  An ironbound thunderhulk (Vaults:2)
  5 stone giants
  A deep elf demonologist (Elf:3)
  6 vampire knights
  A putrid mouth (Depths:1)
  An eleionoma (Swamp:1)
  2 green draconians (Depths:4)
  A black draconian (Zot:1)
  3 yellow draconians
  2 red draconians
  3 deep elf annihilators (Elf:3)
  7 dire elephants
  2 purple draconians (Zot:1)
  6 bunyips
  A blizzard demon (Hell)
  An iron golem (Dis:1)
  2 ettins
  A crystal guardian (Crypt:3)
  2 deep elf death magi
  4 yaktaur captains
  4 great orbs of eyes
  5 deep elf high priests
  14 vault guards
  A peacekeeper (Vaults:4)
  3 hell beasts
  2 boulder beetles
  An ogre mage (Vaults:2)
  A spriggan air mage (Depths:3)
  3 ice dragons
  5 hydras
  A salamander tyrant (Snake:3)
  A spriggan skeleton (Crypt:3)
  2 alligators
  3 ironbound frosthearts
  6 anacondas
  3 two-headed ogres (D:10)
  2 centaur warriors
  10 dancing weapons
  The ghost of pigah the Zephyrmancer, a journeyman OpAE of Gozag (D:10)
  4 naga warriors
  3 vampire magi
  2 tengu warriors
  A spriggan berserker (Depths:3)
  7 death yaks
  2 shock serpents
  An orc high priest (Orc:1)
  3 hell hogs (Depths:1)
  2 sun demons
  6 deep elf knights
  3 hell knights
  3 soul eaters (Depths:1)
  Nergalle (D:11)
  Amaemon (Lair:1)
  A salamander mystic (Snake:4)
  3 shadow wraiths
  A sixfirhy (Depths:2)
  2 goliath frogs
  A death drake (Swamp:4)
  An orb spider (shapeshifter) (Vaults:4)
  6 skeletal warriors
  A golden dragon zombie (Crypt:3)
  5 flayed ghosts
  2 sea snakes (Snake:4)
  4 spriggan druids (Depths:3)
  3 anaconda skeletons
  2 bog bodies (Crypt:2)
  A glowing orange brain (Slime:4)
  3 ironbound convokers
  2 bunyip skeletons
  26 deep trolls
  7 lindwurms
  A wizard (Vaults:3)
  A swamp dragon (Swamp:2)
  4 deep elf archers
  7 deep elf pyromancers
  2 orc knights (Vaults:3)
  9 phantasmal warriors
  8 necromancers
  A stone giant zombie (Vaults:3)
  5 deep elf zephyrmancers
  An orc sorcerer (Orc:2)
  A shining eye (shapeshifter) (Depths:4)
  10 ugly things
  A mana viper (Snake:2)
  2 cyclopes
  A manticore (D:13)
  5 salamanders
  A stone giant skeleton (Crypt:3)
  3 elephants
  2 moths of wrath
  A guardian serpent (Snake:3)
  A dire elephant zombie (Hell)
  2 vault sentinels
  15 black mambas
  A molten gargoyle (Hell)
  An eye of devastation (WizLab)
  Joseph (D:9)
  4 rust devils
  3 naga magi
  An orange demon (Lair:1)
  A purple draconian zombie (Crypt:2)
  A dire elephant skeleton (Hell)
  2 gargoyles (D:13)
  A torpor snail (Lair:6)
  9 cane toads
  4 komodo dragons
  7 freezing wraiths
  2 kobold demonologists
  A sea snake zombie (Hell)
  An unseen horror (D:12)
  4 yaktaurs
  A death yak skeleton (Crypt:1)
  A white draconian skeleton (Crypt:1)
  A yellow draconian skeleton (Crypt:1)
  A red draconian skeleton (Crypt:1)
  A tormentor (Depths:1)
  2 tengu conjurers (Depths:3)
  A hydra zombie (Hell)
  4 harpy zombies (Crypt:3)
  4 rime drakes
  A troll (Orc:1)
  5 tyrant leeches
  A wolf spider simulacrum (D:15)
  A hornet (shapeshifter) (Elf:1)
  A harpy skeleton (Crypt:3)
  2 hydra skeletons (Hell)
  4 polar bears
  7 slime creatures
  18 hornets
  6 blink frogs
  2 ettin zombies
  An alligator zombie (Hell)
  34 flying skulls
  A jumping spider (Vaults:4)
  Sigmund (D:3)
  A shadow (D:9)
  37 spriggans
  11 wraiths
  5 water elementals
  An alligator skeleton (Crypt:2)
  A black mamba skeleton (Crypt:3)
  A naga simulacrum (Hell)
  An ettin skeleton (Hell)
  4 nameless horrors
  3 wyverns
  15 yaks
  A steam dragon (D:8)
  6 golden eyes
  A redback (Vaults:4)
  5 vampire mosquitoes
  3 basilisks
  9 nagas
  A demonspawn zombie (Crypt:1)
  3 acid dragons
  4 swamp worms
  11 water moccasins
  7 wargs
  A floating eye (Slime:5)
  A sky beast (D:7)
  A swamp drake (Swamp:4)
  24 orc warriors
  3 ice beasts
  5 black bears
  An elephant zombie (Crypt:2)
  6 boggarts
  10 wolves
  A tengu (shapeshifter) (D:14)
  9 centaurs
  14 ogres
  A blink frog skeleton (Crypt:2)
  12 kobold brigands
  A rime drake skeleton (Crypt:1)
  7 bullfrogs
  3 necrophages
  A gnoll sergeant (D:5)
  6 scorpions
  2 earth elementals
  6 wights
  A water moccasin skeleton (Crypt:2)
  A killer bee (D:9)
  5 howler monkeys
  4 electric eels
  5 centaur zombies (D:10)
  4 lava snakes
  A human zombie (D:10)
  A starcursed mass (WizLab)
  A black bear zombie (Crypt:2)
  3 jellies
  12 orc priests
  3 hounds
  A gnoll shaman (D:4)
  2 iguanas (D:5)
  Natasha (D:3)
  16 orc wizards
  2 deep dwarf skeletons
  2 mummies (D:10)
  3 howler monkey zombies (D:10)
  Robin (D:3)
  7 adders
  6 gnolls
  A swamp drake zombie (Crypt:1)
  A river rat (D:8)
  A white imp (D:7)
  3 worms
  A dart slug (D:3)
  74 orcs
  8 ball pythons
  2 endoplasms
  6 giant cockroaches
  9 hobgoblins
  5 quokkas
  A ball python skeleton (Crypt:1)
  5 bats
  2 frilled lizards (D:2)
  8 goblins
  28 kobolds
  4 rats
  A rat zombie (Crypt:1)
  2 briar patches (Swamp:4)
  A starspawn tentacle (WizLab)
1055 creatures vanquished.

Vanquished Creatures (collateral kills)
  An ancient lich (Vaults:4)
  A juggernaut (Depths:4)
  Bai Suzhen (Swamp:4)
  A caustic shrike (Dis:1)
  Saint Roka (Orc:2)
  3 golden dragons
  Jory (Depths:4)
  the Enchantress (Depths:3)
  Nikola (Swamp:3)
  A bone dragon (Crypt:3)
  Zenata (Vaults:2)
  4 tentacled monstrosities
  A Hell Sentinel (Dis:1)
  A lich (Crypt:3)
  Mlioglotl (Swamp:3)
  3 titans (Vaults:5)
  2 quicksilver dragons
  9 acid blobs
  Murray (Depths:1)
  7 tentacled starspawn (WizLab)
  2 deep elf master archers (Elf:3)
  An ancient champion (Crypt:2)
  2 sphinxes
  A thorn hunter (Swamp:4)
  Roxanne (Swamp:4)
  Kirke (Lair:5)
  5 shadow dragons
  2 revenants
  2 tengu reavers (Vaults:5)
  2 storm dragons (Vaults:5)
  2 rockslimes
  5 nagarajas
  2 fire giants (Vaults:5)
  An azure jelly (Slime:3)
  A draconian scorcher (Zot:1)
  2 frost giants
  6 deep elf sorcerers
  An iron dragon (Vaults:5)
  4 vault wardens
  An emperor scorpion (Depths:3)
  Aizul (Snake:3)
  An orc warlord (Vaults:3)
  A draconian shifter (Depths:4)
  A cacodemon (WizLab)
  2 deep elf elementalists
  2 balrugs
  6 war gargoyles
  2 spriggan defenders (Depths:3)
  14 ironbound preservers
  3 reapers (Hell)
  2 caustic shrike skeletons
  A draconian annihilator (Zot:1)
  A ghoul (Crypt:3)
  4 ironbound thunderhulks
  8 stone giants
  4 quicksilver oozes
  21 very ugly things
  5 deep elf demonologists
  A bunyip (Swamp:3)
  2 red draconians (Zot:1)
  2 green draconians (Zot:1)
  4 eleionomae
  2 entropy weavers (Vaults:4)
  A black draconian (Zot:1)
  A yellow draconian (Zot:1)
  5 deep elf annihilators (Elf:3)
  A purple draconian (Zot:1)
  8 dire elephants
  2 white draconians
  4 fire dragons
  2 deep elf death magi
  6 ettins
  A blizzard demon (Depths:1)
  2 eidola (Crypt:2)
  Josephine (Swamp:1)
  2 crystal guardians (Crypt:3)
  6 yaktaur captains
  5 great orbs of eyes
  3 rakshasas
  A kraken zombie (Hell)
  4 shambling mangroves
  4 ice dragons
  18 vault guards
  5 deep elf high priests
  5 spriggan air magi
  4 salamander tyrants
  Harold (Lair:1)
  An ogre mage (Vaults:5)
  2 hell beasts (Hell)
  2 ghost crabs
  10 ironbound frosthearts
  15 naga warriors
  21 hydras
  9 centaur warriors
  8 anacondas
  5 death knights
  3 alligators
  25 dancing weapons
  A tengu warrior (Depths:3)
  5 two-headed ogres
  4 death yaks (Depths:3)
  2 deep troll shamans (Depths:2)
  8 spriggan berserkers
  4 hell hogs
  4 shock serpents
  7 hell knights
  3 soul eaters
  8 naga sharpshooters
  11 deep elf knights
  2 iron trolls (Depths:2)
  4 sun demons
  5 salamander mystics
  9 skeletal warriors
  4 goliath frogs
  8 sea snakes
  6 glowing orange brains
  Lodul (D:14)
  2 deep trolls (shapeshifter)
  4 naga ritualists (Snake:4)
  27 deep trolls
  8 swamp dragons
  8 spriggan druids
  5 deep elf archers
  8 wizards
  4 bog bodies
  2 orange crystal statues
  12 lindwurms
  2 orc knights
  2 phantasmal warriors
  8 ironbound convokers
  8 mana vipers
  15 deep elf zephyrmancers
  40 ugly things
  8 necromancers
  An orc sorcerer (Orc:2)
  24 deep elf pyromancers
  3 cyclopes
  2 manticores
  2 will-o-the-wisps (Swamp:1)
  11 salamanders
  5 shining eyes
  2 elephants
  A moth of wrath (Zot:1)
  20 black mambas
  Maurice (Orc:1)
  2 ice statues (Hell)
  A rust devil (Depths:1)
  10 naga magi
  9 eyes of devastation
  7 vault sentinels
  2 human skeletons (Vaults:1)
  A black mamba (shapeshifter) (Depths:4)
  A molten gargoyle (Hell)
  A storm dragon simulacrum (Depths:1)
  An eye of devastation (shapeshifter) (Depths:4)
  4 guardian serpents
  10 smoke demons
  A human zombie (Vaults:3)
  A torpor snail (Lair:6)
  A spriggan zombie (Depths:1)
  A cane toad (Lair:6)
  A swamp worm zombie (Crypt:2)
  A hellion (Hell)
  20 rime drakes
  2 freezing wraiths
  Psyche (D:9)
  3 tengu conjurers
  10 yaktaurs
  2 yaktaur zombies (Vaults:1)
  A red devil (Hell)
  13 polar bears
  27 hornets
  A bloated husk (Swamp:3)
  A polar bear (shapeshifter) (D:14)
  6 tyrant leeches
  A tarantella (Vaults:5)
  A raiju (shapeshifter) (Vaults:5)
  2 blink frogs
  A radroach zombie (Crypt:2)
  73 slime creatures
  2 dream sheep (Lair:6)
  4 flying skulls (Crypt:3)
  3 air elementals
  38 spriggans
  21 yaks
  A vampire (D:13)
  3 water elementals
  3 fire elementals
  10 golden eyes
  2 basilisks
  2 neqoxecs (WizLab)
  A sea snake simulacrum (Hell)
  6 hogs (Lair:5)
  5 redbacks
  2 steam dragons
  4 vampire mosquitoes
  12 swamp worms
  2 wargs (Orc:1)
  49 nagas
  6 water moccasins
  6 orc warriors
  2 black bears (Lair:6)
  8 swamp drakes
  3 boggarts
  A deep troll simulacrum (Vaults:1)
  6 ogres
  16 wolves
  4 centaurs (D:15)
  3 bullfrogs
  A necrophage (Crypt:3)
  A kobold brigand (D:9)
  2 earth elementals
  A killer bee (D:9)
  An electric eel (Snake:2)
  A lava snake (D:14)
  15 starcursed masses (WizLab)
  2 orc priests
  3 orc wizards
  3 hell rats (Lair:4)
  16 orcs
  A kobold (D:8)
  2 briar patches (Swamp:4)
  A butterfly (Lair:6)
  5 starspawn tentacles (WizLab)
1200 creatures vanquished.

Vanquished Creatures (others)
  A fire giant (D:15)
  Nessos (D:15)
  A red draconian (Depths:4)
  2 vault guards (D:13)
  5 hydras
  A boulder beetle (D:14)
  Erica (D:9)
  2 ironbound frosthearts (IceCv)
  4 two-headed ogres
  A tengu warrior (D:15)
  Sonja (D:10)
  A bog body (Crypt:2)
  2 orc knights
  2 lindwurms (Lair:6)
  2 ugly things (D:14)
  An orc sorcerer (Orc:2)
  2 elephants (Lair:6)
  2 cyclopes
  2 black mambas
  A smoke demon (Depths:1)
  4 gargoyles
  4 cane toads
  A demonic crawler (Hell)
  A komodo dragon (Lair:4)
  A rime drake (IceCv)
  A yaktaur (D:13)
  A troll (D:13)
  2 bloated husks
  A polar bear (Lair:6)
  5 blink frogs (Lair:3)
  2 spriggans
  A wyvern (Lair:3)
  A yak (Lair:6)
  Grum (D:9)
  A naga (Lair:2)
  A swamp worm (Swamp:1)
  A water moccasin (Lair:6)
  6 orc warriors
  A boggart (D:15)
  5 wolves
  4 orc priests
  An orc wizard (D:9)
  A hell rat (Lair:4)
  5 orcs
  2 briar patches (Swamp:4)
  5 demonic plants (WizLab)
  18 foxfires (Swamp:1)
  35 fungi
  67 plants
  9 starspawn tentacles (WizLab)
  19 tentacles (Hell)
  A withered plant (D:4)
243 creatures vanquished.

Grand Total: 2498 creatures vanquished

Notes
Turn   | Place    | Note
-------+----------+-------------------------------------------
     0 | D:1      | siradein the Mummy Necromancer began the quest for the Orb.
     0 | D:1      | Reached XP level 1. HP: 13/13 MP: 4/4
   326 | D:1      | Reached XP level 2. HP: 19/19 MP: 4/6
   539 | D:1      | Found a faded altar of an unknown god.
  1350 | D:2      | Gained mutation: You are in touch with the powers of death.
                  | [Mummy growth]
  1350 | D:2      | Reached XP level 3. HP: 24/24 MP: 4/8
  1357 | D:2      | Learned a level 3 spell: Vampiric Draining
  1971 | D:3      | Noticed Natasha
  1977 | D:3      | Killed Natasha
  1978 | D:3      | Reached XP level 4. HP: 20/30 MP: 3/10
  1983 | D:3      | Learned a level 4 spell: Animate Dead
  2140 | D:3      | Noticed Robin
  2161 | D:3      | Killed Robin
  2162 | D:3      | Reached skill level 5 in Necromancy
  2320 | D:3      | Found an iron altar of Okawaru.
  2622 | D:3      | Found a shadowy altar of Dithmenos.
  2626 | D:3      | Noticed Sigmund
  2799 | D:3      | Killed Sigmund
  2800 | D:3      | Reached skill level 5 in Spellcasting
  2800 | D:3      | Reached XP level 5. HP: 29/35 MP: 2/13
  2947 | D:3      | Reached XP level 6. HP: 41/41 MP: 6/14
  3681 | D:4      | Reached XP level 7. HP: 46/46 MP: 5/17
  3759 | D:4      | Found an ancient bone altar of Kikubaaqudgha.
  3762 | D:4      | Found a blossoming altar of Fedhas.
  3772 | D:4      | Became a worshipper of Kikubaaqudgha
  4308 | D:5      | Entered Level 5 of the Dungeon
  4975 | D:5      | Reached XP level 8. HP: 52/52 MP: 17/20
  5111 | D:5      | Reached * piety under Kikubaaqudgha
  5111 | D:5      | Received a gift from Kikubaaqudgha
  5131 | D:5      | Learned a level 2 spell: Corpse Rot
  5265 | D:5      | Found a staircase to the Ecumenical Temple.
  6668 | D:6      | Reached XP level 9. HP: 57/57 MP: 16/22
  6748 | D:6      | Identified the +9 hand axe of Dim Light {venom, Int+3}
  7106 | D:7      | Found the +6 shillelagh "Devastator" {shatter}
  7208 | D:7      | Reached ** piety under Kikubaaqudgha
  7209 | D:7      | Reached skill level 10 in Necromancy
  7280 | D:7      | Reached skill level 10 in Spellcasting
  7802 | D:7      | Noticed a deep elf pyromancer
  7824 | D:7      | Killed a deep elf pyromancer
  7825 | D:7      | Reached skill level 1 in Fighting
  7929 | D:7      | Noticed a cyclops
  7940 | D:7      | Killed a cyclops
  8186 | D:7      | Reached XP level 10. HP: 56/68 MP: 16/24
  8914 | D:8      | Reached *** piety under Kikubaaqudgha
  8914 | D:8      | Received a gift from Kikubaaqudgha
  8915 | D:8      | Noticed a death yak
  8919 | D:8      | Noticed a death yak
  8920 | D:8      | Learned a level 4 spell: Dispel Undead
  8945 | D:8      | Noticed a death yak
  9009 | D:8      | You fall into a shaft and drop 1 floor!
  9099 | D:8      | Found a flagged portal.
  9128 | Bailey   | Entered a bailey
  9250 | Bailey   | Learned a level 4 spell: Anguish
  9257 | Bailey   | Learned a level 6 spell: Death Channel
  9616 | Bailey   | Noticed a two-headed ogre
  9630 | Bailey   | Identified the +3 hand crossbow of Havoc {freeze, Str+5}
  9666 | Bailey   | Killed a two-headed ogre
 10098 | Bailey   | Identified the +2 halberd "Worm's Wrath" {antimagic, rPois}
 10196 | D:8      | Reached **** piety under Kikubaaqudgha
 10214 | D:8      | Found a staircase to the Lair.
 10398 | D:8      | Reached XP level 11. HP: 76/78 MP: 19/26
 10419 | D:8      | Reached skill level 5 in Fighting
 10653 | D:8      | Killed a death yak
 11565 | D:8      | Killed a death yak
 11917 | D:9      | Reached skill level 5 in Dodging
 12266 | D:9      | Reached ***** piety under Kikubaaqudgha
 12492 | D:9      | Noticed a two-headed ogre
 12872 | D:9      | Killed a two-headed ogre
 12989 | D:9      | Noticed Grum
 12995 | D:9      | Killed Grum
 13250 | D:9      | Found a shimmering altar of Xom.
 13286 | D:9      | Found a bloodstained altar of Trog.
 13364 | D:9      | Noticed Erica
 13376 | D:9      | Killed Erica
 13560 | D:9      | Noticed Psyche
 13564 | D:9      | Noticed a two-headed ogre
 13570 | D:9      | Killed Psyche
 13575 | D:9      | Killed a two-headed ogre
 13880 | D:9      | Noticed Joseph
 13919 | D:9      | Killed Joseph
 14091 | D:10     | Entered Level 10 of the Dungeon
 14170 | D:10     | Reached XP level 12. HP: 21/89 MP: 0/28
 14548 | D:10     | Reached skill level 1 in Hexes
 14670 | D:10     | Noticed Sonja
 14682 | D:10     | Killed Sonja
 14913 | D:10     | Found a transporter.
 14914 | D:10     | Noticed a two-headed ogre
 14915 | D:10     | Noticed pigah's ghost (journeyman OpAE)
 14916 | D:10     | Noticed a two-headed ogre
 14916 | D:10     | Noticed a two-headed ogre
 14918 | D:10     | Identified the +9 great mace of Eternal Night {vorpal,
                  | *Rage rElec rPois rN+++}
 14918 | D:10     | Noticed a two-headed ogre
 14928 | D:10     | Found a transporter.
 15268 | D:10     | Found a basalt altar of Yredelemnul.
 15750 | D:10     | Found a snail-covered altar of Cheibriados.
 16124 | D:11     | Noticed Nergalle
 16131 | D:11     | Killed Nergalle
 16265 | D:11     | Identified 2 scrolls of acquirement
 16724 | D:11     | Noticed a six-headed hydra
 16800 | D:11     | Identified the +1 ring mail "Niplugg" {rElec rC+ rCorr
                  | Stlth+}
 16820 | D:11     | Noticed a two-headed ogre
 16840 | D:11     | Killed a two-headed ogre
 17275 | Lair:1   | Entered Level 1 of the Lair of Beasts
 17309 | Lair:1   | Acquired 873 gold pieces
 17328 | Lair:1   | Noticed Harold
 17334 | Lair:1   | Noticed a five-headed hydra
 17340 | Lair:1   | Killed Harold
 17343 | Lair:1   | Killed a five-headed hydra
 17631 | Lair:1   | Noticed Amaemon
 17740 | Lair:1   | Killed Amaemon
 17977 | Lair:1   | Noticed an eight-headed hydra
 18023 | Lair:1   | Killed an eight-headed hydra
 18024 | Lair:1   | Reached skill level 15 in Necromancy
 18783 | D:11     | Killed a six-headed hydra
 19099 | Lair:2   | Identified the ring "Kesido" {Wiz rElec rN++ rCorr Dex-5}
 19178 | Lair:2   | Gained mutation: You are strongly in touch with the powers
                  | of death. [Mummy growth]
 19178 | Lair:2   | Reached XP level 13. HP: 98/98 MP: 5/30
 19252 | Lair:2   | Learned a level 5 spell: Agony
 19590 | Lair:2   | Found a staircase to the Snake Pit.
 19776 | Lair:2   | Reached skill level 1 in Evocations
 20852 | Lair:3   | Noticed Gastronok
 20864 | Lair:3   | Killed Gastronok
 21396 | Lair:3   | Found a staircase to the Swamp.
 23016 | Lair:5   | Reached skill level 5 in Hexes
 23025 | Lair:5   | Noticed Kirke
 23032 | Lair:5   | Killed Kirke
 23649 | Lair:5   | Found a staircase to the Slime Pits.
 23698 | Lair:5   | Acquired the +2 helmet of Surprise {Stlth+}
 23872 | Lair:5   | Identified the +2 ring mail of Wiatopha {rF+ rC+ rCorr
                  | Str-3}
 24288 | Lair:6   | Entered Level 6 of the Lair of Beasts
 24627 | Lair:6   | Upgraded the game from 0.29-a0-369-gd956c00756 to
                  | 0.29-a0-371-g91724d5b39
 24877 | Lair:6   | Reached XP level 14. HP: 89/108 MP: 4/32
 25647 | Lair:6   | Reached skill level 15 in Spellcasting
 25679 | Lair:6   | Reached ****** piety under Kikubaaqudgha
 25680 | Lair:6   | Received a gift from Kikubaaqudgha
 25976 | Lair:5   | Learned a level 8 spell: Infestation
 27788 | D:8      | Found a staircase to the Lair.
 28370 | D:12     | Found a staircase to the Orcish Mines.
 28869 | D:12     | Reached skill level 1 in Shields
 29091 | Orc:1    | Entered Level 1 of the Orcish Mines
 29163 | Orc:1    | Noticed Maurice
 29183 | Orc:1    | Killed Maurice
 29530 | Orc:2    | Entered Level 2 of the Orcish Mines
 29982 | Orc:2    | Found a staircase to the Elven Halls.
 30284 | Orc:2    | Found Tofiamp's Armour Shoppe.
 30328 | Orc:2    | Bought a +2 buckler of fire resistance for 301 gold pieces
 30397 | Orc:2    | Noticed Saint Roka
 30638 | Orc:2    | Found Gidoush's Distillery.
 30900 | Orc:2    | Acquired 724 gold pieces
 31384 | Orc:2    | Reached skill level 10 in Fighting
 31611 | Orc:2    | Killed Saint Roka
 31759 | Orc:2    | Reached skill level 5 in Evocations
 31806 | Orc:2    | Found Gepa's Antique Armour Shoppe.
 31815 | Orc:2    | Found Aziajipi's Antique Weapon Emporium.
 32122 | Orc:2    | Found Otefior's Weapon Shoppe.
 32237 | Orc:2    | Paralysed by an orc sorcerer for 7 turns
 32566 | Orc:1    | You fall into a shaft and drop 1 floor!
 33051 | D:10     | Killed pigah's ghost
 33052 | D:10     | Reached XP level 15. HP: 67/115 MP: 18/34
 34139 | D:13     | Found a gate to the Vaults.
 34302 | D:13     | Identified the +0 hat of Recklessness {Will++ Str+2}
 35138 | D:14     | Noticed a frost giant
 35149 | D:14     | Killed a frost giant
 35293 | D:14     | Found Cugurocaru's Armour Emporium.
 35306 | D:14     | Found Egrof's Weapon Shoppe.
 35327 | D:14     | Found Demiachu's Antique Armour Emporium.
 35404 | D:14     | Bought a +1 pair of boots of flying for 264 gold pieces
 35572 | D:14     | Noticed Lodul
 35576 | D:14     | Killed Lodul
 35889 | D:14     | Found Fer Boac's Armour Shoppe.
 35925 | D:14     | Found Xofur's General Store.
 36011 | D:14     | Bought a lightning rod (4/4) for 300 gold pieces
 36077 | D:14     | Learned a level 7 spell: Haunt
 36091 | D:15     | Entered Level 15 of the Dungeon
 36101 | D:15     | Noticed a fire giant
 36472 | D:15     | Found a staircase to the Depths.
 36618 | D:15     | Reached skill level 10 in Dodging
 36701 | D:15     | Noticed Nessos
 36709 | D:15     | Killed Nessos
 36745 | D:15     | Killed a fire giant
 37619 | Swamp:1  | Entered Level 1 of the Swamp
 37648 | Swamp:1  | Found a frozen archway.
 37678 | IceCv    | Entered an ice cave
 37929 | IceCv    | Reached XP level 16. HP: 108/122 MP: 18/37
 37970 | IceCv    | Identified the +1 ice dragon scales of Xemec {-Tele Rampage
                  | rF- rC++ Int+9 Dex-5}
 38508 | IceCv    | Noticed a shard shrike
 38519 | IceCv    | Killed a shard shrike
 39298 | Swamp:1  | Found a transporter.
 39306 | Swamp:1  | Found a transporter.
 39312 | Swamp:1  | Found a bloodstained altar of Trog.
 39333 | Swamp:1  | Noticed Nism's ghost (journeyman DsHu)
 39428 | Swamp:1  | Reached skill level 1 in Summonings
 39808 | Snake:1  | Entered Level 1 of the Snake Pit
 39808 | Snake:1  | Found a shimmering blue altar of Sif Muna.
 39961 | Snake:1  | Found Ibliy's Antique Armour Shoppe.
 39964 | Snake:1  | Found Qufog's Book Emporium.
 39964 | Snake:1  | Found Qeaquumo's Armour Shoppe.
 39972 | Snake:1  | Found Enke's Armour Emporium.
 40156 | Snake:1  | Bought Great Wizards, Vol. II for 456 gold pieces
 40162 | Snake:1  | Learned a level 5 spell: Borgnjor's Vile Clutch
 40167 | Snake:1  | Bought a jewelled helmet for 399 gold pieces
 40167 | Snake:1  | Identified the +0 helmet of Vuoseer {rF- Int+4} (You bought
                  | it in a shop on level 1 of the Snake Pit)
 40927 | Snake:1  | Reached skill level 1 in Earth Magic
 41267 | Snake:2  | Reached XP level 17. HP: 128/128 MP: 30/40
 41976 | Snake:2  | Found Giaxziava's Jewellery Shoppe.
 41977 | Snake:2  | Found Louzum's Book Shop.
 41977 | Snake:2  | Found Dypuc's Book Shop.
 41991 | Snake:2  | Bought the Catalogue of the Voyage and Blows and Bruises
                  | for 1000 gold pieces
 41994 | Snake:2  | Learned a level 2 spell: Blink
 42795 | Snake:3  | Reached skill level 5 in Summonings
 43401 | Snake:3  | Noticed Aizul
 43408 | Snake:3  | Killed Aizul
 44673 | Swamp:1  | Noticed Josephine
 44721 | Swamp:1  | Killed Josephine
 45284 | Swamp:1  | Killed Nism's ghost
 47505 | Swamp:3  | Noticed Nikola
 47509 | Swamp:3  | Killed Nikola
 47579 | Swamp:3  | Reached skill level 5 in Earth Magic
 48000 | Swamp:3  | Noticed Donald
 48009 | Swamp:3  | Killed Donald
 48010 | Swamp:3  | Reached XP level 18. HP: 136/136 MP: 3/41
 48012 | Swamp:3  | Noticed Mlioglotl
 48146 | Swamp:3  | Killed Mlioglotl
 48665 | Swamp:4  | Entered Level 4 of the Swamp
 48665 | Swamp:4  | Noticed Roxanne
 49042 | Swamp:4  | Noticed Bai Suzhen
 49252 | Swamp:4  | Killed Roxanne
 49676 | Swamp:4  | Got a decaying rune of Zot
 50087 | Swamp:4  | Killed Bai Suzhen
 50458 | Snake:4  | Entered Level 4 of the Snake Pit
 51788 | Snake:4  | Got a serpentine rune of Zot
 52277 | Vaults:1 | Entered Level 1 of the Vaults
 52343 | Vaults:1 | Found a flickering gateway to a bazaar.
 52354 | Bazaar   | Entered a bazaar
 52354 | Bazaar   | Found Luidos's Magic Scroll Emporium.
 52358 | Bazaar   | Bought a scroll of magic mapping for 38 gold pieces
 52358 | Bazaar   | Bought a scroll of enchant armour for 82 gold pieces
 52358 | Bazaar   | Bought a scroll of vulnerability for 82 gold pieces
 52358 | Bazaar   | Bought a scroll of enchant armour for 82 gold pieces
 52373 | Bazaar   | Found Qaddogaw's Antique Weapon Boutique.
 52384 | Bazaar   | Found Luugeo Cion's General Store.
 52392 | Bazaar   | Bought a scroll of fear for 38 gold pieces
 52392 | Bazaar   | Bought a scroll of magic mapping for 38 gold pieces
 52392 | Bazaar   | Bought a scroll of fog for 22 gold pieces
 52392 | Bazaar   | Bought a scroll of fear for 38 gold pieces
 52392 | Bazaar   | Bought a wand of mindburst (6) for 110 gold pieces
 52401 | Bazaar   | Found Dutwit's Antique Armour Shop.
 52401 | Bazaar   | Found Dafeos's Jewellery Shop.
 52755 | Vaults:1 | Reached XP level 19. HP: 138/145 MP: 22/43
 55478 | Vaults:2 | Identified the +1 plate armour "Lynn" {Will+ Regen+ Str+2}
 55711 | Vaults:2 | Noticed Zenata
 55727 | Vaults:2 | Killed Zenata
 56591 | Vaults:2 | Found a staircase to the Crypt.
 56659 | Vaults:2 | Identified the +1 helmet of Liberty {-Cast rC+ Regen+ Dex+9
                  | Stlth-}
 57333 | Vaults:3 | You are sucked into a shaft and drop 1 floor!
 57424 | Vaults:4 | Found a magical portal.
 57433 | WizLab   | Entered Lehudib's Moon Base
 59259 | WizLab   | Reached XP level 20. HP: 144/154 MP: 33/45
 59375 | WizLab   | Found a transporter.
 60247 | WizLab   | Found a transporter.
 60895 | WizLab   | Identified the +1 pair of boots "Fisegewn" {Rampage Str+5}
 62219 | Vaults:4 | Reached skill level 5 in Stealth
 62796 | Vaults:3 | Found Pixkiet's Distillery.
 62962 | Vaults:3 | Acquired the +1 helmet of a ziggurat {rF+ Dex+6 Stlth-}
 65109 | Vaults:4 | Reached XP level 21. HP: 162/162 MP: 36/46
 66158 | Elf:1    | Entered Level 1 of the Elven Halls
 67830 | Elf:2    | Found a runed translucent gate.
 67832 | Elf:2    | Found a runed translucent gate.
 67853 | Elf:2    | Found a runed translucent gate.
 68081 | Elf:2    | Identified the +6 battleaxe "Hoydyuki" {holy, rF+ rC+
                  | Dex+3}
 68465 | Elf:2    | Learned a level 6 spell: Simulacrum
 68740 | Elf:2    | Found Cojyh's General Store.
 69074 | Elf:2    | Paralysed by an air elemental for 1 turns
 70487 | Elf:3    | Entered Level 3 of the Elven Halls
 70743 | Elf:3    | Paralysed by an air elemental for 1 turns
 70775 | Elf:3    | Reached skill level 1 in Armour
 70850 | Elf:3    | Reached skill level 10 in Hexes
 71914 | Elf:3    | Identified the ring "Uwnoti" {Fly rElec Will+ Dex+2}
 72083 | Elf:3    | Identified the +10 spear "Exaw Acu" {drain, rF+ Will+
                  | Dex+5}
 72206 | Elf:3    | Identified the +6 halberd of the Iron City of Dis {vorpal,
                  | Will+ Str+4 Stlth+}
 72574 | Elf:3    | Identified the +5 great mace "siradein's Regret" {drain,
                  | Int+6}
 72847 | Elf:3    | Found Nolas's Jewellery Shop.
 73270 | Elf:3    | Found Nolas's Jewellery Shop.
 73585 | Elf:3    | Reached XP level 22. HP: 170/170 MP: 39/48
 74522 | Slime:1  | Entered Level 1 of the Pits of Slime
 74803 | Depths:1 | Entered Level 1 of the Depths
 75647 | Depths:1 | Found an ancient bone altar of Kikubaaqudgha.
 75763 | Depths:1 | Found a one-way gate to the infinite horrors of the Abyss.
 75919 | Depths:1 | Found a gateway to Hell.
 77048 | Depths:2 | Noticed Vv
 77088 | Depths:2 | Reached skill level 5 in Shields
 77295 | Depths:2 | Killed Vv
 77677 | Depths:2 | Found a one-way gate leading to the halls of Pandemonium.
 78071 | Depths:2 | Upgraded the game from 0.29-a0-371-g91724d5b39 to
                  | 0.29-a0-375-g5102b3be25
 78379 | Depths:3 | Reached skill level 10 in Summonings
 78624 | Depths:3 | Reached skill level 10 in Evocations
 79711 | Depths:3 | Found a bloodstained altar of Trog.
 80276 | Depths:3 | Noticed the Enchantress
 80291 | Depths:3 | Killed the Enchantress
 80466 | Depths:3 | Got Sif Muna's Collected Works on the Floating Rocks
 80468 | Depths:3 | Identified the amulet "Yczaym" {+Blink Will++ Regen+ Str-4}
 80490 | Depths:3 | Identified the +10 whip of Relaim {vorpal, rPois rF++ Int+3
                  | Dex-2}
 80505 | Depths:3 | Identified the +2 robe of a treasure trove {Int+3 Dex+8}
 80508 | Depths:3 | Identified the +0 buckler "Rast" {rPois Dex+3}
 81219 | Depths:4 | Entered Level 4 of the Depths
 81225 | Depths:4 | Noticed Jory
 81232 | Depths:4 | Killed Jory
 81420 | Depths:4 | Noticed Parghit
 81494 | Depths:4 | Found a one-way gateway to a ziggurat.
 81529 | Depths:4 | Noticed a juggernaut
 81537 | Depths:4 | Reached XP level 23. HP: 171/178 MP: 24/49
 81543 | Depths:4 | Killed a juggernaut
 81699 | Depths:4 | Killed Parghit
 82130 | Depths:4 | Found a gate to the Realm of Zot.
 82773 | Depths:4 | Identified the +8 demon whip of Mutilation {drain, *Slow
                  | rPois Will+++ Stlth+}
 83655 | Slime:2  | You are sucked into a shaft and drop 1 floor!
 86375 | Slime:4  | Reached skill level 5 in Armour
 87059 | Vaults:5 | Entered Level 5 of the Vaults
 87066 | Vaults:5 | Noticed an ancient lich
 87066 | Vaults:5 | HP: 4/179 [vault guard/+0 bardiche (8)]
 88352 | Vaults:4 | Killed an ancient lich
 88527 | Vaults:5 | Reached skill level 10 in Earth Magic
 88693 | Vaults:5 | Noticed a dread lich
 88716 | Vaults:5 | Reached XP level 24. HP: 187/187 MP: 25/49
 88881 | Vaults:5 | Killed a dread lich
 89024 | Vaults:5 | Found the +1 robe of Vines {NoPotionHeal Regen++++}
 89054 | Vaults:5 | Got the Incunabulum of Conjuration
 89501 | Vaults:5 | Reached skill level 15 in Fighting
 89722 | Vaults:5 | Identified the ring "Wugh" {rC+ MP+9 Str+4 Int-3}
 90970 | Vaults:5 | Identified the +0 plate armour of Cetaehiz {Str+3}
 91643 | Vaults:5 | Got a silver rune of Zot
 91654 | Vaults:5 | Identified the +2 leather armour of the Known World {rPois}
 92379 | Slime:5  | Entered Level 5 of the Pits of Slime
 92394 | Slime:5  | Noticed the Royal Jelly
 92881 | Slime:5  | Paralysed by a floating eye for 4 turns
 93441 | Zot:1    | Entered Level 1 of the Realm of Zot
 93748 | Zot:1    | Found a shimmering altar of Xom.
 94177 | Zot:1    | Reached skill level 10 in Stealth
 95332 | Crypt:1  | Entered Level 1 of the Crypt
 97908 | Crypt:2  | Identified the +4 trident "Kauzoc" {flame, rN+ Int+2 Dex+2
                  | Stlth+}
 98132 | Crypt:2  | Identified the +5 morningstar "Juavuz" {vorpal, Str+4}
 98159 | Crypt:3  | Entered Level 3 of the Crypt
 99181 | Crypt:3  | Reached XP level 25. HP: 196/196 MP: 44/50
100148 | Crypt:3  | Found an ancient bone altar of Kikubaaqudgha.
100148 | Crypt:3  | Noticed an ancient lich
100157 | Crypt:3  | Killed an ancient lich
100940 | Crypt:3  | Found a staircase to the Tomb.
101303 | Hell     | Entered the Vestibule of Hell
101303 | Hell     | Noticed Geryon
101312 | Hell     | Killed Geryon
101727 | Hell     | Noticed Murray
102118 | Depths:1 | Killed Murray
103604 | Hell     | Found a gateway to the ashen valley of Gehenna.
103918 | Hell     | Found a gateway to the decaying netherworld of Tartarus.
104390 | Hell     | Found a gateway to the Iron City of Dis.
105055 | Hell     | Found a gateway to the freezing wastes of Cocytus.
105155 | Dis:1    | Entered Level 1 of the Iron City of Dis
105273 | Dis:1    | HP: 5/197 [iron giant/iron shot (59)]
105273 | Dis:1    | Annihilated by a caustic shrike

Illustrated notes

Levels and vault maps discovered:
D:1:      dpeg_arrival_snail, layout_basic,
          chequers_ecumenical_altar_simple_redux, serial_bayou,
          serial_bayou_lagoon_a, serial_bayou_pond_c, serial_bayou_pond_a,
          serial_bayou_pond_e, minivault_4
D:2:      layout_rooms, minmay_tromino_v4_a
D:3:      layout_basic, nicolae_dithmenos_the_darkroom,
          okawaru_metal_pillars_1_2, hangedman_decor_lopped, uniq_robin,
          uniq_sigmund, uniq_natasha
D:4:      layout_basic, grunt_temple_overflow_growth_and_decay
D:5:      layout_gridville, minmay_temple_entry_tees
D:6:      layout_gridville, serial_glass, glass_columns_b, glass_columns_a
D:7:      minmay_the_grid_four_pointed_star
          [minmay_the_grid_triangle_9x9_stretched_checkered,
          minmay_the_grid_triangle_9x9_swiss_cheese,
          minmay_the_grid_triangle_9x9_checkered,
          minmay_the_grid_triangle_9x9_warning,
          minmay_the_grid_prize_inner_circle], layout_basic
D:8:      layout_basic, dpeg_lair_monsters, enter_bailey_2, special_room
          [special_room_kobold], palyth_stone_intersect, nicolae_lava_and_water
D:9:      layout_loops_corners, mainiacjoe_overflow_swirl,
          kennysheep_kite_vault, uniq_erica, uniq_psyche, uniq_grum, uniq_joseph
D:10:     layout_small_grid, lemuel_mausoleum_altar_yredelemnul,
          mainiacjoe_overflow_paths, gammafunk_ghost_smash, uniq_sonja
D:11:     layout_rooms, uniq_nergalle
D:12:     layout_irregular_city, minmay_orc_entry_guard_dogs, tso_altar
D:13:     layout_cave_pools, grunt_vaults_entry_fortified
D:14:     layout_small_grid, serial_shops, shop, nicolae_shop_window_shopping,
          nicolae_shop_stone, nicolae_shop_competitors_out_of_business, shop,
          kennysheep_island_fort, uniq_lodul
D:15:     grunt_enter_depths_giant_problem, layout_stronghold,
          corexii_leaking_fountain, uniq_nessos
Lair:1:   layout_misc_corridors, uniq_harold, uniq_amaemon
Lair:2:   layout_roguey, guppyfry_snake_entry_island, grunt_megastairs_2
Lair:3:   layout_roguey, nicolae_swamp_entry_splash_gauntlet,
          infiniplex_staircase_pool, uniq_gastronok
Lair:4:   layout_gridlike
Lair:5:   layout_roguey, dpeg_slime_entry_corner, uniq_kirke
Lair:6:   minmay_lair_end_enchanted_forest, layout_small_grid,
          nicolae_volcano_entry_s_turn, lemuel_fruit_fields
Swamp:1:  layout_basic_swamp, portal_ice_cave_entry_frozen_things,
          gammafunk_ghost_wrathful_warriors, evilmike_swamp_ruin_house_3,
          infiniplex_staircase_pool_2, uniq_josephine
Swamp:2:  layout_basic_swamp, nicolae_swamp_trees_clearing
Swamp:3:  layout_falls_marsh, evilmike_swamp_ruin_house_6, uniq_mlioglotl,
          uniq_donald, uniq_nikola
Swamp:4:  swamp, layout_basic_swamp, uniq_roxanne, uniq_bai_suzhen
Snake:1:  nicolae_snake_attic_fulla_snakes, layout_rooms, basic_altar,
          minmay_shoptagon
Snake:2:  layout_onion, serial_bayou_shore_a, grunt_megastairs_5,
          serial_bayou_shore_b, minmay_shop_grove
Snake:3:  layout_chambers, uniq_aizul
Snake:4:  minmay_snake_end_coiled, layout_cave_town, serial_bayou,
          serial_bayou_shore_b, serial_bayou_pond_a, serial_bayou_pond_a,
          serial_bayou_pond_c
Slime:1:  layout_caves
Slime:2:  layout_caves
Slime:3:  nicolae_slime_pool, layout_caves
Slime:4:  layout_caves
Slime:5
Orc:1:    layout_diamond_mine, mines1_david, uniq_maurice
Orc:2:    grunt_orc_community_town_hall, layout_caves,
          grunt_orc_community_big_house_1, grunt_orc_community_big_house_1,
          grunt_orc_community_house_1, grunt_orc_community_house_2,
          grunt_orc_community_house_3, grunt_orc_community_house_3,
          grunt_orc_community_house_1, grunt_orc_community_house_1,
          serial_shops, nicolae_diamond_shop
Elf:1:    layout_loops_corners, kennysheep_underground_church,
          chequers_hall_statues_y
Elf:2:    elven_hall_of_blades_hangedman_original [mumra_blade_entry_bloodbath],
          layout_loops_corners, serial_shops, nicolae_shop_trees
Elf:3:    minmay_elf_hall_not_hex, layout_onion_city, serial_shops, shop,
          nrook_loot_triangle
Vaults:1: nicolae_vaults_little_squares_1, ontoclasm_vaults_ring_square,
          vaults_dpeg_encased_lava, nicolae_vaults_big_ls,
          ontoclasm_vaults_loading_screen, st_cross,
          nicolae_vaults_specimen_jars, hangedman_vaults_capsules, v_misc_2,
          v_misc_17, layout_vaults_quadrants, serial_shops, bzr_entry_lakeside
Vaults:2: blue_anna_dwarven_crypt, nicolae_vaults_c_with_doors,
          hangedman_vaults_corner, vaults_standard_mumra_x,
          ontoclasm_vaults_tryst, ontoclasm_vaults_ring_square,
          nicolae_vaults_mini_display_case, grunt_vaults_hallway_short,
          grunt_vaults_diagonal, layout_vaults_maze_snakey, uniq_zenata,
          uniq_saint_roka
Vaults:3: v_misc_9, v_alt_pattern_1, grunt_vaults_trifunnel,
          grunt_vaults_hallway_short, nicolae_vaults_circle_grid_a,
          grunt_vaults_funnel, nicolae_vaults_border_crossing, v_misc_16,
          v_misc_3, ontoclasm_vaults_twist, v_misc_3, vaults_room_glass_cross,
          v_alt_pattern_3, nicolae_vaults_hallways_thing,
          grunt_vaults_hallway_short, ontoclasm_vaults_fault,
          layout_vaults_omnibox, serial_shops, nicolae_shop_behind_doors
Vaults:4: mu_enter_wizlab_5, ontoclasm_vaults_pinch, dpeg_vaults_waves,
          v_alt_pattern_2, v_misc_15, ontoclasm_vaults_claustrophobia,
          ontoclasm_vaults_gateway, grunt_vaults_twisty, v_rooms_3,
          vaults_dpeg_ring, nicolae_vaults_rhombus_5, vaults_room_corners,
          v_misc_11, vaults_mumra_chevron_long, layout_vaults_big_room
Vaults:5: serial_shops
Crypt:1:  layout_gridlike
Crypt:2:  layout_regular_city, nicolae_crypt_soggy_tomb
Crypt:3:  cryptofortress_bobbens
Depths:1: layout_gridlike, abyss_entry, pf_hell_entry_tar_river,
          chequers_serial_rivers_small_a, serial_sigils_hangedman_scar,
          drop_trap, hangedman_decor_peaks_small,
          nicolae_kikubaaqudgha_miasma_corner
Depths:2: hellmonk_crumbling_castle, layout_gridlike, rand_demon_pan_entry_8,
          minmay_strange_pillars, lightli_too_deep, uniq_vv
Depths:3: spriggan_forest, hell_entry, abyss_entry, pan_entry, serial_shops
Depths:4: grunt_zot_entry_tricorne, layout_gridville, enter_ziggurat_c,
          minmay_misc_feat_rugged, hellmouth_1, uniq_jory, uniq_enchantress,
          uniq_parghit
Hell
Dis:1:    layout_jigsaw
Zot:1:    layout_gridlike, basic_altar

Skill      XL: |  1  2  3  4  5  6  7  8  9 10 11 12 13 14 15 16 17 18 19 20 21 22 23 24 25 |
---------------+----------------------------------------------------------------------------+-----
Spellcasting   | 3 4 5 6 8 9 10 11 12 13 14 15 17 19 20 21 22 23 24 | 24.0
Necromancy     | 5 6 7 9 11 12 14 15 16 18 20 21 22 23 24 | 24.5
Fighting       | 2 4 6 7 9 10 11 12 13 14 15 16 | 16.2
Dodging        | 2 4 5 6 7 8 10 11 12 13 14 | 14.7
Hexes          | 3 5 6 7 8 9 10 11 | 11.0
Evocations     | 3 5 6 7 8 9 10 11 12 | 12.3
Shields        | 2 4 5 7 8 9 |  9.2
Summonings     | 4 5 7 8 9 10 | 10.0
Earth Magic    | 2 5 6 7 8 9 10 | 10.0
Stealth        | 4 5 7 8 9 10 11 | 11.2
Armour         | 2 3 5 7 |  7.0

Action                   |  1- 3 |  4- 6 |  7- 9 | 10-12 | 13-15 | 16-18 | 19-21 | 22-24 | 25-27 || total
-------------------------+-------+-------+-------+-------+-------+-------+-------+-------+-------++-------
Melee: Spear             |       |     3 |    16 |       |       |       |       |    13 |       ||    32
       Shillelagh        |       |       |    13 |    71 |    34 |    11 |       |       |       ||   129
       Hand axe          |       |       |     6 |       |       |       |       |       |       ||     6
       Staff             |       |       |       |    22 |   127 |    43 |    38 |    31 |    14 ||   275
       Punch             |       |       |       |     3 |       |       |       |       |       ||     3
 Fire: Hand crossbow     |       |       |       |    17 |       |       |       |       |       ||    17
 Cast: Pain              |    82 |    77 |   201 |   106 |     2 |       |       |       |       ||   468
       Vampiric Draining |       |     9 |    46 |   146 |   389 |   132 |    36 |    51 |       ||   809
       Animate Dead      |       |       |     3 |    22 |    35 |    17 |     7 |     7 |       ||    91
       Death Channel     |       |       |       |    13 |    31 |    20 |    18 |    14 |       ||    96
       Anguish           |       |       |       |    49 |   118 |     7 |     1 |       |     1 ||   176
       Dispel Undead     |       |       |       |    22 |     6 |     7 |    11 |   136 |    52 ||   234
       Agony             |       |       |       |       |     4 |       |       |       |       ||     4
       Corpse Rot        |       |       |       |       |     2 |       |       |       |       ||     2
       Infestation       |       |       |       |       |    15 |    70 |    80 |    82 |    19 ||   266
       Borgnjor's Vile C |       |       |       |       |       |    80 |   210 |   259 |    82 ||   631
       Haunt             |       |       |       |       |       |    29 |   212 |   185 |    72 ||   498
       Blink             |       |       |       |       |       |     3 |     1 |     4 |     8 ||    16
       Simulacrum        |       |       |       |       |       |       |     5 |     4 |       ||     9
Invok: Receive Corpses   |       |       |       |     7 |     9 |     3 |       |     2 |       ||    21
       Receive Forbidden |       |       |       |       |     1 |       |       |       |       ||     1
 Abil: Evoke Blink       |       |       |       |       |       |       |       |       |     2 ||     2
Evoke: Box of beasts     |       |       |       |       |     1 |       |       |       |       ||     1
       Wand              |       |       |       |       |       |     1 |       |       |       ||     1
       Condenser vane    |       |       |       |       |       |     1 |       |       |       ||     1
  Use: Scroll            |     2 |     2 |     4 |    10 |    10 |     4 |    10 |    21 |       ||    63
 Stab: Distracted        |       |       |       |       |     4 |       |       |     2 |       ||     6
       Sleeping          |       |       |       |       |       |       |       |     2 |       ||     2
Armor: Robe              |     6 |     5 |    53 |       |    35 |    74 |    17 |       |       ||   190
       Leather armour    |       |     1 |       |       |       |       |       |       |       ||     1
       Acid dragon scale |       |       |     4 |    30 |       |       |       |       |       ||    34
       Steam dragon scal |       |       |       |    87 |       |       |       |       |       ||    87
       Ring mail         |       |       |       |    26 |   220 |       |       |       |       ||   246
       Troll leather arm |       |       |       |       |       |       |    44 |   132 |    82 ||   258
Dodge: Dodged            |    12 |    10 |    74 |   247 |   518 |   108 |    98 |   273 |   151 ||  1491
Block: Buckler           |       |       |       |       |   214 |   136 |    87 |   174 |   113 ||   724
       Other             |       |       |       |       |    19 |       |       |       |       ||    19
       Reflection        |       |       |       |       |    23 |    14 |    34 |     3 |       ||    74

Table legend: (Time is in decaauts)
 A = Elapsed time spent in this place.
 B = Non-inter-level travel time spent in this place.
 C = Inter-level travel time spent in this place.
 D = Time resting spent in this place.
 E = Time spent auto-exploring this place.
 F = Levels seen in this place.
 G = Mean time per level.
                   A        B        C        D        E       F      G
               +--------+--------+--------+--------+--------+-----+--------+
         Total | 105611 |  98878 |   6733 |  14620 |  64144 |  58 | 1820.9 |
       Dungeon |  24569 |  21656 |   2913 |   3375 |  13689 |  15 | 1637.9 |
          Lair |  11092 |   9560 |   1532 |   1035 |   7053 |   6 | 1848.7 |
         Swamp |   6171 |   5927 |    244 |   1459 |   3100 |   4 | 1542.8 |
     Snake Pit |   6115 |   5834 |    281 |    222 |   4248 |   4 | 1528.8 |
    Slime Pits |   4055 |   3962 |     93 |   1125 |   1777 |   5 |  811.0 |
  Orcish Mines |   3984 |   3786 |    198 |    330 |   2640 |   2 | 1992.0 |
   Elven Halls |   8089 |   7888 |    201 |   1087 |   5473 |   3 | 2696.3 |
        Vaults |  15743 |  15089 |    654 |   2064 |  10157 |   5 | 3148.6 |
         Crypt |   5629 |   5489 |    140 |    194 |   4168 |   3 | 1876.3 |
        Depths |  10611 |  10198 |    413 |   1906 |   6525 |   4 | 2652.8 |
          Hell |   1796 |   1796 |      0 |    189 |   1113 |   1 | 1796.0 |
           Dis |    117 |    117 |      0 |     14 |     62 |   1 |  117.0 |
           Zot |   1677 |   1616 |     61 |     39 |   1327 |   1 | 1677.0 |
        Bazaar |     75 |     75 |      0 |      0 |     59 |   1 |   75.0 |
        Bailey |   1085 |   1085 |      0 |    362 |    354 |   1 | 1085.0 |
      Ice Cave |   1296 |   1296 |      0 |    157 |    724 |   1 | 1296.0 |
        Wizlab |   3500 |   3500 |      0 |   1062 |   1674 |   1 | 3500.0 |
               +--------+--------+--------+--------+--------+-----+--------+

Top non-repeatable levels by time:
Vaults:4: 4600 daAuts
Depths:1: 3954 daAuts
   Elf:3: 3618 daAuts
  WizLab: 3500 daAuts
Vaults:5: 3155 daAuts
     D:8: 2984 daAuts
 Crypt:3: 2980 daAuts
Vaults:1: 2920 daAuts
Depths:3: 2905 daAuts
    D:10: 2846 daAuts
   Elf:2: 2784 daAuts
  Lair:6: 2650 daAuts
Vaults:3: 2624 daAuts
Vaults:2: 2441 daAuts
   Orc:2: 2418 daAuts
